 Dungeon Crawl Stone Soup version 0.22-a0-40-g3d2f077 (webtiles) character file.

1370 tidbits the Grave Robber (level 8, 0/58 HPs)
             Began as a Gnoll Necromancer on Jan 4, 2018.
             Was a Follower of Cheibriados.
             Slain by a hippogriff (3 damage)
             ... on level 7 of the Dungeon.
             The game lasted 00:20:25 (2768 turns).

tidbits the Grave Robber (Gnoll Necromancer)        Turns: 2768, Time: 00:20:26

Health: 0/58       AC:  6    Str: 15    XL:     8   Next: 65%
Magic:  7/17       EV: 16    Int: 21    God:    Cheibriados [*.....]
Gold:   95         SH:  0    Dex: 18    Spells: 6/19 levels left

rFire    . . .     SeeInvis .   M - +5 great sword (curse)
rCold    . . .     Gourm    .   (shield currently unavailable)
rNeg     . . .     Faith    .   B - +0 robe
rPois    .         Spirit   .   (no helmet)
rElec    .         Reflect  .   C - +2 cloak
rCorr    .         Harm     .   G - +0 pair of gloves
MR       .....                  (no boots)
Stlth    +++.......             (no amulet)
HPRegen  0.19/turn              m - +2 ring of strength
MPRegen  0.15/turn              W - ring of wizardry

@: very slightly contaminated, drained, very slow
A: distributed training, fangs 1, strong nose
a: Bend Time, Renounce Religion


You were on level 7 of the Dungeon.
You worshipped Cheibriados.
Cheibriados was aware of your devotion.
You were hungry.

You visited 1 branch of the dungeon, and saw 7 of its levels.
You also visited: Sewer.

You collected 171 gold pieces.
You spent 76 gold pieces at shops.

Inventory:

Hand Weapons
 a - a +0 falchion
 d - a +0 dagger
 r - a -1 dagger
 y - a +0 short sword
 M - a cursed +5 great sword (weapon)
 O - a +0 blowgun
 Q - a cursed +2 short sword of freezing
   (You took it off a wight on level 7 of the Dungeon)
Missiles
 e - 30 stones
 j - 6 curare-tipped needles
 k - 11 tomahawks (quivered)
 H - 5 poisoned needles
Armour
 f - a +0 ring mail
 B - a +0 robe (worn)
 C - a +2 cloak (worn)
 D - a +0 buckler
 G - a +0 pair of gloves (worn)
 K - a scarf of spirit shield
   (You found it on level 5 of the Dungeon)
Magical Staves
 t - an uncursed staff of cold {unknown}
   (You found it on level 3 of the Dungeon)
Jewellery
 m - a +2 ring of strength (left hand)
   (You found it on level 1 of the Dungeon)
 p - an uncursed ring of ice
   (You found it on level 1 of the Dungeon)
 q - an uncursed ring of resist corrosion
   (You found it on level 6 of the Dungeon)
 u - a +2 ring of strength
   (You found it on level 4 of the Dungeon)
 W - a ring of wizardry (right hand)
   (You found it on level 5 of the Dungeon)
Wands
 A - a wand of flame (45)
 P - a wand of acid (5)
Scrolls
 g - a scroll of teleportation
 h - 3 scrolls of enchant weapon
 i - 2 scrolls of fog
 n - 3 scrolls of amnesia
 o - a scroll of fear
 v - 3 scrolls of remove curse
 x - a scroll of immolation
 z - a scroll of blinking {unknown}
 N - a scroll of noise {unknown}
Potions
 l - a potion of cancellation
 s - a potion of flight
 w - 2 potions of invisibility {unknown}
 E - 6 potions of heal wounds {unknown}
 F - 3 potions of brilliance {unknown}
 I - a potion of curing
 J - 3 potions of mutation {unknown}
 L - 3 potions of agility {unknown}
 R - a potion of magic {unknown}
Books
 b - a book of Necromancy

   Spells                             Type                      Level
   a - Pain                           Necromancy                   1
   b - Animate Skeleton               Necromancy                   1
   c - Vampiric Draining              Necromancy                   3
   d - Regeneration                   Charms/Necromancy            3
   e - Animate Dead                   Necromancy                   4
   f - Borgnjor's Vile Clutch         Necromancy/Earth             5
Comestibles
 c - 11 rations


   Skills:
 + Level 3.4(3.1) Fighting
 + Level 3.4(3.1) Short Blades
 + Level 3.4(3.1) Long Blades
 + Level 3.4(3.1) Axes
 + Level 3.4(3.1) Maces & Flails
 + Level 3.4(3.1) Polearms
 + Level 3.4(3.1) Staves
 + Level 3.4(3.1) Slings
 + Level 3.4(3.1) Bows
 + Level 3.4(3.1) Crossbows
 + Level 3.4(3.1) Throwing
 + Level 3.4(3.1) Armour
 + Level 5.7(5.5) Dodging
 + Level 5.4(5.2) Stealth
 + Level 3.4(3.1) Shields
 + Level 3.4(3.1) Unarmed Combat
 + Level 6.1(5.8) Spellcasting
 + Level 2.7(2.5) Conjurations
 + Level 2.7(2.5) Hexes
 + Level 2.7(2.5) Charms
 + Level 2.7(2.5) Summonings
 + Level 7.7(7.4) Necromancy
 + Level 2.7(2.5) Translocations
 + Level 2.7(2.5) Transmutations
 + Level 2.7(2.5) Fire Magic
 + Level 2.7(2.5) Ice Magic
 + Level 2.7(2.5) Air Magic
 + Level 2.7(2.5) Earth Magic
 + Level 2.7(2.5) Poison Magic
 + Level 3.7(3.5) Invocations
 + Level 3.4(3.1) Evocations


You had 6 spell levels left.
You knew the following spells:

 Your Spells              Type           Power        Failure   Level  Hunger
a - Pain                  Necr           ####         1%          1    None
d - Vampiric Draining     Necr           #####.....   1%          3    ##.....
n - Animate Skeleton      Necr           N/A          1%          1    None
r - Regeneration          Chrm/Necr      ####......   1%          3    ##.....
v - Borgnjor's Vile Clut  Necr/Erth      ####......   14%         5    #####..


Dungeon Overview and Level Annotations

Branches:
Dungeon (7/15)             Temple (0/1) D:7

Altars:
Cheibriados
Kikubaaqudgha
Okawaru
Sif Muna
Trog
Vehumet
Wu Jian
Yredelemnul
Zin
The Shining One

Shops:
D:4 %?(


Innate Abilities, Weirdness & Mutations

Your experience applies equally to all skills.
You have very sharp teeth.
Your uncanny sense of smell can sniff out nearby items.


Message History

You see here 18 gold pieces.
You now have 95 gold pieces (gained 18).
The helpless bullfrog fails to defend itself.
You slash the bullfrog!
You bite the bullfrog, but do no damage.
The bullfrog is heavily wounded.
The bullfrog hits you! The bullfrog misses you.
You riposte.
You completely miss the bullfrog.
The bullfrog is heavily wounded.
Your jackal skeleton closely misses the bullfrog.
You hit the bullfrog.
The bullfrog is severely wounded.
The bullfrog barely misses you.
You riposte.
You closely miss the bullfrog.
The bullfrog is severely wounded.
The bullfrog hits you but does no damage.
Your jackal skeleton bites the bullfrog.
The bullfrog barely misses your jackal skeleton.
Your jackal skeleton bites the bullfrog.
You closely miss the bullfrog.
The bullfrog is severely wounded.
The bullfrog misses you.
You riposte.
You slash the bullfrog!
You kill the bullfrog!
Cheibriados thoroughly appreciates the change of pace.
You see here a bullfrog corpse.
Casting: Animate Skeleton
Confirm with . or Enter, or press ? or * to list all spells.
You attempt to give life to the dead...
Before your eyes, flesh is ripped from the corpse!
The dead are hopping!
You see here 4 chunks of flesh.
Your magical contamination has completely faded away.
You see here a scroll of amnesia.
n - 3 scrolls of amnesia (gained 1) Magic restored.
You found a teleport trap!
Really walk into that teleport trap?
You enter a teleport trap!
The teleport trap disappears.
Your surroundings suddenly seem different.
Evoke which item? (* to show all) (? for menu, Esc to quit)
Okay, then.
You swap places.
Found a metallic red potion.
Found a stone staircase leading down.
You see here a metallic red potion.
R - a metallic red potion The hippogriff misses you.
The hippogriff pecks you. The hippogriff closely misses you.
You slash the hippogriff!
The hippogriff is lightly wounded.
The hippogriff misses you. The hippogriff pecks you.
The hippogriff claws you but does no damage.
The hippogriff bites you. The hippogriff misses you.
The hippogriff barely misses you.
You barely miss the hippogriff.
The hippogriff is lightly wounded.
The hippogriff bites you! The hippogriff barely misses you.
The hippogriff completely misses you.
Casting: Animate Skeleton
Confirm with . or Enter, or press ? or * to list all spells.
Aiming: Borgnjor's Vile Clutch
Press: ? - help, Dir - move target cursor, f - hippogriff
Aim: a hippogriff (lightly wounded)
You miscast Borgnjor's Vile Clutch.
You are very lightly contaminated with residual magic.
You feel momentarily lethargic. The hippogriff closely misses you.
The hippogriff pecks you.
The hippogriff claws you but does no damage.
You slash the hippogriff!
The hippogriff is moderately wounded.
The hippogriff bites you!
* * * LOW HITPOINT WARNING * * *
The hippogriff barely misses you. The hippogriff claws you.
* * * LOW HITPOINT WARNING * * *
The hippogriff bites you.
* * * LOW HITPOINT WARNING * * *
The hippogriff pecks you!
* * * LOW HITPOINT WARNING * * *
The hippogriff closely misses you.
Casting: Borgnjor's Vile Clutch
Confirm with . or Enter, or press ? or * to list all spells.
Aiming: Borgnjor's Vile Clutch
Press: ? - help, Dir - move target cursor, f/p - hippogriff
Aim: a hippogriff (moderately wounded) Decaying hands burst forth from the earth!
Zombie hands grab the hippogriff.
You are feeling hungry.
The zombie hands constrict the hippogriff.
The hippogriff bites you.
* * * LOW HITPOINT WARNING * * *
The hippogriff completely misses you.
The hippogriff claws you but does no damage.
Unknown command.
You slash the hippogriff!
The hippogriff is severely wounded.
The zombie hands constrict the hippogriff!
Your bullfrog skeleton crumbles into dust!
The hippogriff bites you.
* * * LOW HITPOINT WARNING * * *
The hippogriff pecks you.
You die...

#. #..........................
#.#####.#######.#..##.###.####.##
#.......###### #..##.# #.# #.#
####.#.#...... #..##.# #.# #.#
..##.#..#.#...###..##.# #.# #.#
..............>.....#.###.# #.#
..........#... #.........# #.#
.###...#####.#####.###.#### #.#
#.#.......>.H@Z.# #.# #.#
#.#.#####.#####.# #.# #.#
.###.#..#### #.# #.# #.##
.....#P....# #.# #.# #..Z
.###.#.....# #####.###.# #.##
.###..P.>..# #.........# #.##
.##.....P.........###### ###.
.##..#.(..P#.#.... ####..
.##..##.####...... #.#...


You could see a hippogriff and a friendly jackal skeleton.

Vanquished Creatures
  A phantom (D:6)
  An ogre (D:6)
  The ghost of tidbits the Grave Robber, an amateur GnNe (D:3)
  A big kobold (Sewer)
  Blork the orc (D:5)
  2 bullfrogs
  5 wights
  2 howler monkeys (D:4)
  A bullfrog zombie (D:6)
  A crimson imp (D:6)
  A jelly (D:5)
  A centaur zombie (D:5)
  An orc priest (D:6)
  Jessica (D:3)
  3 worker ants
  An iguana (D:5)
  2 orc wizards (D:6)
  3 gnolls (D:6)
  5 river rats
  3 adders
  2 shadow imps
  A white imp (D:4)
  An ooze (D:3)
  2 worms (D:5)
  2 dart slugs
  3 leopard geckos
  3 orcs
  6 ball pythons
  5 bats
  6 giant cockroaches
  5 goblins
  4 hobgoblins
  13 jackals
  18 kobolds
  3 quokkas
  5 frilled lizards
  24 rats
140 creatures vanquished.

Notes
Turn   | Place    | Note
-------+----------+-------------------------------------------
     0 | D:1      | tidbits the Gnoll Necromancer began the quest for the Orb.
     0 | D:1      | Reached XP level 1. HP: 13/13 MP: 6/6
    86 | D:1      | Reached XP level 2. HP: 13/19 MP: 4/7
    89 | D:1      | Learned a level 1 spell: Animate Skeleton
   292 | D:2      | Reached XP level 3. HP: 7/25 MP: 3/9
   297 | D:2      | Learned a level 3 spell: Vampiric Draining
   302 | D:2      | Learned a level 3 spell: Regeneration
   323 | D:2      | Reached skill level 5 in Spellcasting
   402 | D:3      | Noticed Jessica
   405 | D:3      | Killed Jessica
   405 | D:3      | Reached skill level 1 in Fighting
   405 | D:3      | Reached skill level 1 in Short Blades
   405 | D:3      | Reached skill level 1 in Long Blades
   405 | D:3      | Reached skill level 1 in Axes
   405 | D:3      | Reached skill level 1 in Maces & Flails
   405 | D:3      | Reached skill level 1 in Polearms
   405 | D:3      | Reached skill level 1 in Staves
   405 | D:3      | Reached skill level 1 in Slings
   405 | D:3      | Reached skill level 1 in Bows
   405 | D:3      | Reached skill level 1 in Crossbows
   405 | D:3      | Reached skill level 1 in Throwing
   405 | D:3      | Reached skill level 1 in Armour
   405 | D:3      | Reached skill level 1 in Shields
   405 | D:3      | Reached skill level 1 in Unarmed Combat
   405 | D:3      | Reached skill level 1 in Invocations
   405 | D:3      | Reached skill level 1 in Evocations
   416 | D:3      | Reached XP level 4. HP: 16/32 MP: 3/11
   417 | D:3      | Noticed tidbits's ghost (amateur GnNe)
   432 | D:3      | HP: 3/32 [tidbits's ghost/nerve-wracking pain (12)]
   458 | D:3      | Killed tidbits's ghost
   458 | D:3      | Reached skill level 1 in Conjurations
   458 | D:3      | Reached skill level 1 in Hexes
   458 | D:3      | Reached skill level 1 in Charms
   458 | D:3      | Reached skill level 1 in Summonings
   458 | D:3      | Reached skill level 1 in Translocations
   458 | D:3      | Reached skill level 1 in Transmutations
   458 | D:3      | Reached skill level 1 in Fire Magic
   458 | D:3      | Reached skill level 1 in Ice Magic
   458 | D:3      | Reached skill level 1 in Air Magic
   458 | D:3      | Reached skill level 1 in Earth Magic
   458 | D:3      | Reached skill level 1 in Poison Magic
   458 | D:3      | Reached XP level 5. HP: 21/37 MP: 4/12
   629 | D:4      | Reached XP level 6. HP: 27/44 MP: 7/13
   643 | D:4      | Reached skill level 2 in Invocations
   667 | D:4      | Found Silakido's Weapon Boutique.
   675 | D:4      | Bought 4 tomahawks for 24 gold pieces
   872 | D:4      | Found Zynetiug's Magic Scroll Emporium.
   876 | D:4      | Found Ycietz's Food Emporium.
   879 | D:4      | Bought a scroll of fog for 26 gold pieces
   879 | D:4      | Bought a scroll of fog for 26 gold pieces
   911 | D:5      | Entered Level 5 of the Dungeon
  1057 | D:6      | Reached skill level 5 in Dodging
  1067 | D:6      | Found a glowing silver altar of Zin.
  1092 | D:7      | Noticed a necrophage
  1317 | D:6      | Found a glowing drain.
  1332 | D:6      | Reached skill level 2 in Fighting
  1332 | D:6      | Reached skill level 2 in Short Blades
  1332 | D:6      | Reached skill level 2 in Long Blades
  1332 | D:6      | Reached skill level 2 in Axes
  1332 | D:6      | Reached skill level 2 in Maces & Flails
  1332 | D:6      | Reached skill level 2 in Polearms
  1332 | D:6      | Reached skill level 2 in Staves
  1332 | D:6      | Reached skill level 2 in Slings
  1332 | D:6      | Reached skill level 2 in Bows
  1332 | D:6      | Reached skill level 2 in Crossbows
  1332 | D:6      | Reached skill level 2 in Throwing
  1332 | D:6      | Reached skill level 2 in Armour
  1332 | D:6      | Reached skill level 2 in Shields
  1332 | D:6      | Reached skill level 2 in Unarmed Combat
  1332 | D:6      | Reached skill level 2 in Evocations
  1345 | Sewer    | Entered a sewer
  1676 | Sewer    | Reached XP level 7. HP: 28/50 MP: 2/15
  1865 | D:5      | Noticed Blork the orc
  1871 | D:5      | Killed Blork the orc
  1871 | D:5      | Reached skill level 2 in Conjurations
  1871 | D:5      | Reached skill level 2 in Hexes
  1871 | D:5      | Reached skill level 2 in Charms
  1871 | D:5      | Reached skill level 2 in Summonings
  1871 | D:5      | Reached skill level 2 in Translocations
  1871 | D:5      | Reached skill level 2 in Transmutations
  1871 | D:5      | Reached skill level 2 in Fire Magic
  1871 | D:5      | Reached skill level 2 in Ice Magic
  1871 | D:5      | Reached skill level 2 in Air Magic
  1871 | D:5      | Reached skill level 2 in Earth Magic
  1871 | D:5      | Reached skill level 2 in Poison Magic
  1876 | D:5      | Found a deep blue altar of Sif Muna.
  1970 | D:6      | Reached skill level 5 in Stealth
  1977 | D:6      | Reached skill level 3 in Invocations
  1989 | D:6      | Reached XP level 8. HP: 24/57 MP: 16/16
  2118 | D:5      | Found an ornate altar of the Wu Jian Council.
  2127 | D:5      | Found a basalt altar of Yredelemnul.
  2131 | D:5      | Found an ancient bone altar of Kikubaaqudgha.
  2131 | D:5      | Found a radiant altar of Vehumet.
  2132 | D:5      | Found a bloodstained altar of Trog.
  2134 | D:5      | Found a snail-covered altar of Cheibriados.
  2135 | D:5      | Found a glowing golden altar of the Shining One.
  2138 | D:5      | Became a worshipper of Cheibriados the Contemplative
  2238 | D:5      | Reached skill level 3 in Fighting
  2238 | D:5      | Reached skill level 3 in Short Blades
  2238 | D:5      | Reached skill level 3 in Long Blades
  2238 | D:5      | Reached skill level 3 in Axes
  2238 | D:5      | Reached skill level 3 in Maces & Flails
  2238 | D:5      | Reached skill level 3 in Polearms
  2238 | D:5      | Reached skill level 3 in Staves
  2238 | D:5      | Reached skill level 3 in Slings
  2238 | D:5      | Reached skill level 3 in Bows
  2238 | D:5      | Reached skill level 3 in Crossbows
  2238 | D:5      | Reached skill level 3 in Throwing
  2238 | D:5      | Reached skill level 3 in Armour
  2238 | D:5      | Reached skill level 3 in Shields
  2238 | D:5      | Reached skill level 3 in Unarmed Combat
  2238 | D:5      | Reached skill level 3 in Evocations
  2466 | D:7      | Noticed a hippogriff
  2471 | D:7      | Found a staircase to the Ecumenical Temple.
  2601 | D:6      | Reached skill level 6 in Spellcasting
  2617 | D:6      | Learned a level 5 spell: Borgnjor's Vile Clutch
  2663 | D:7      | Reached * piety under Cheibriados
  2682 | D:7      | Found an iron altar of Okawaru.
  2768 | D:7      | HP: 3/58 [hippogriff (4)]
  2768 | D:7      | Slain by a hippogriff

Vault maps used:
D:1:      lemuel_arrival_river_bridge
D:2:      cheibrodos_pilgrimage, grunt_qazlal_clouds
D:3:      chequers_ecumenical_altar_simple, uniq_natasha, uniq_ijyb,
          uniq_jessica
D:4:      serial_shops, shop, nicolae_shop_waterfront, nicolae_shop_crystal,
          minmay_fire_ice_demons
D:5:      kennysheep_spiral_hall, tgw_sif, minitemple, first_ration,
          corexii_leaking_fountain
D:6:      marbit_many_paths, portal_sewer_entry_b
D:7:      lemuel_round_altar, minmay_temple_entry_overgrown,
          uniq_crazy_yiuf_cottage, uniq_joseph
Sewer:    sewer_minmay_treatment

Skill      XL: |  1  2  3  4  5  6  7  8 |
---------------+-------------------------+-----
Spellcasting   | 5 6 |  6.1
Fighting       | 1 2 3 |  3.4
Short Blades   | 1 2 3 |  3.4
Long Blades    | 1 2 3 |  3.4
Axes           | 1 2 3 |  3.4
Maces & Flails | 1 2 3 |  3.4
Polearms       | 1 2 3 |  3.4
Staves         | 1 2 3 |  3.4
Slings         | 1 2 3 |  3.4
Bows           | 1 2 3 |  3.4
Crossbows      | 1 2 3 |  3.4
Throwing       | 1 2 3 |  3.4
Armour         | 1 2 3 |  3.4
Shields        | 1 2 3 |  3.4
Unarmed Combat | 1 2 3 |  3.4
Invocations    | 1 2 3 |  3.7
Evocations     | 1 2 3 |  3.4
Conjurations   | 1 2 |  2.7
Hexes          | 1 2 |  2.7
Charms         | 1 2 |  2.7
Summonings     | 1 2 |  2.7
Translocations | 1 2 |  2.7
Transmutations | 1 2 |  2.7
Fire Magic     | 1 2 |  2.7
Ice Magic      | 1 2 |  2.7
Air Magic      | 1 2 |  2.7
Earth Magic    | 1 2 |  2.7
Poison Magic   | 1 2 |  2.7
Dodging        | 5 |  5.7
Stealth        | 5 |  5.4
Necromancy     | |  7.7

Action                   |  1- 3 |  4- 6 |  7- 9 || total
-------------------------+-------+-------+-------++-------
Melee: Dagger            |     7 |    95 |    33 ||   135
       Bite              |     2 |    14 |    16 ||    32
       Unarmed           |       |    31 |    32 ||    63
       Falchion          |       |    33 |    45 ||    78
       Punch             |       |     2 |     1 ||     3
       Great sword       |       |       |    18 ||    18
Throw: Tomahawk          |       |    11 |     7 ||    18
       Stone             |       |     7 |       ||     7
 Cast: Pain              |    39 |    68 |    20 ||   127
       Regeneration      |     1 |     4 |     2 ||     7
       Vampiric Draining |       |     4 |     6 ||    10
       Animate Skeleton  |       |     2 |     3 ||     5
       Borgnjor's Vile C |       |       |     2 ||     2
Evoke: Wand              |       |       |     6 ||     6
  Use: Scroll            |       |    11 |     3 ||    14
       Potion            |       |     3 |     3 ||     6
 Stab: Sleeping          |     1 |     8 |     3 ||    12
  Eat: Chunk             |       |     3 |     2 ||     5
       Ration            |       |       |     1 ||     1
Armor: Robe              |     3 |    46 |    48 ||    97
       Skin              |       |    31 |    31 ||    62
Dodge: Dodged            |    19 |   165 |   129 ||   313
Block: Buckler           |       |       |     5 ||     5
       Rpst.: Falchion   |       |    17 |    19 ||    36
       Great sword       |       |       |    10 ||    10

Table legend:
 A = Spawn XP
 B = Non-spawn XP
 C = Spawn XP percentage of total XP
 D = Spawn monster count
 E = Non-spawn monster count
 F = Spawn count percentage of total count
 G = Total turns spent on level
                    A         B        C        D         E        F      G
               +---------+---------+-------+---------+---------+-------+---------
         Total |       0 |    1958 |   0.0 |       0 |     140 |   0.0 |  2768
               +---------+---------+-------+---------+---------+-------+---------
           D:1 |       0 |      26 |   0.0 |       0 |      14 |   0.0 |   266
           D:2 |       0 |      16 |   0.0 |       0 |      10 |   0.0 |   135
           D:3 |       0 |     173 |   0.0 |       0 |      13 |   0.0 |   136
           D:4 |       0 |     142 |   0.0 |       0 |       8 |   0.0 |   522
           D:5 |       0 |     324 |   0.0 |       0 |      18 |   0.0 |   545
           D:6 |       0 |     711 |   0.0 |       0 |      20 |   0.0 |   461
           D:7 |       0 |     336 |   0.0 |       0 |       9 |   0.0 |   293
         Sewer |       0 |     230 |   0.0 |       0 |      48 |   0.0 |   410
               +---------+---------+-------+---------+---------+-------+---------

Table legend:
 A = Turns spent in this place as a percentage of turns spent in the entire game.
 B = Non-inter-level travel turns spent in this place as a percentage of non-inter-level travel turns spent in the entire game.
 C = Inter-level travel turns spent in this place as a percentage of turns spent in this place.
 D = Turns resting spent in this place as a percentage of non-inter-level travel turns spent in this place.
 E = Turns spent auto-exploring this place as a percentage of non-inter-level travel turns spent in this place.
 F = Non-inter-level travel turns spent in this place divided by the number of levels of this place that you've seen.
                   A       B       C       D       E      F
               +-------+-------+-------+-------+-------+----------------------
         Total | 100.0 | 100.0 |   5.1 |   0.2 |   0.0 | 328.4
       Dungeon |  85.2 |  84.4 |   6.0 |   0.3 |   0.0 | 316.7
         Sewer |  14.8 |  15.6 |   0.0 |   0.0 |   0.0 | 410.0
               +-------+-------+-------+-------+-------+----------------------

Table legend:
 A = Kills in this place as a percentage of kills in entire the game.
 B = Kills by you in this place as a percentage of kills by you in the entire game.
 C = Kills by friends in this place as a percentage of kills by friends in the entire game.
 D = Other kills in this place as a percentage of other kills in the entire game.
 E = Experience gained in this place as a percentage of experience gained in the entire game.
 F = Experience gained in this place divided by the number of levels of this place that you have seen.
                   A       B       C       D       E      F
               +-------+-------+-------+-------+-------+----------------------
         Total | 100.0 | 100.0 |   N/A |   N/A | 100.0 | 244.8
       Dungeon |  65.7 |  65.7 |   N/A |   N/A |  88.3 | 246.9
         Sewer |  34.3 |  34.3 |   N/A |   N/A |  11.7 | 230.0
               +-------+-------+-------+-------+-------+----------------------

Vault maps used:
D:1:      lemuel_arrival_river_bridge
D:2:      cheibrodos_pilgrimage, grunt_qazlal_clouds
D:3:      chequers_ecumenical_altar_simple, uniq_natasha, uniq_ijyb,
          uniq_jessica
D:4:      serial_shops, shop, nicolae_shop_waterfront, nicolae_shop_crystal,
          minmay_fire_ice_demons
D:5:      kennysheep_spiral_hall, tgw_sif, minitemple, first_ration,
          corexii_leaking_fountain
D:6:      marbit_many_paths, portal_sewer_entry_b
D:7:      lemuel_round_altar, minmay_temple_entry_overgrown,
          uniq_crazy_yiuf_cottage, uniq_joseph
Sewer:    sewer_minmay_treatment
